 Dungeon Crawl Stone Soup version 0.27-a0-909-g0721f309d1 (webtiles) character file.

Game seed: 8718210971672907061

3227 polve the Fighter (level 9, -7/86 HPs)
             Began as a Green Draconian Transmuter on Apr 8, 2021.
             Was an Elder of Lugonu.
             Mangled by a wyvern (12 damage)
             ... on level 8 of the Dungeon.
             The game lasted 00:10:21 (11876 turns).

polve the Fighter (Green Draconian Transmuter)     Turns: 11876, Time: 00:10:22

Health: -7/86      AC:  9    Str: 13    XL:     9   Next: 66%
Magic:  12/12      EV: 12    Int: 16    God:    Lugonu [****..]
Gold:   409        SH:  0    Dex: 12    Spells: 4/12 levels left

rFire    . . .     SeeInvis .     - Unarmed
rCold    . . .     Faith    .   (no shield)
rNeg     . . .     Spirit   .   (armour unavailable)
rPois    +         Reflect  .   (helmet restricted)
rElec    .         Harm     .   s - +0 cloak
rCorr    .         Rampage  .   e - +0 pair of gloves
Will     .....                  (no boots)
Stlth    +.........             (no amulet)
HPRegen  0.24/turn              c - ring of wizardry
MPRegen  0.13/turn              m - +4 ring of slaying

@: no status effects
A: breathe noxious fumes, AC +7, unfitting armour, poison resistance,
cold-blooded
a: Breathe Noxious Fumes, Renounce Religion, Depart the Abyss, Bend Space,
Banish, Corrupt


You were on level 8 of the Dungeon.
You worshipped Lugonu.
Lugonu was greatly pleased with you.
You visited 2 branches of the dungeon, and saw 9 of its levels.

You collected 409 gold pieces.

Inventory:

Armour
 e - a +0 pair of gloves (worn)
 s - a +0 cloak (worn)
Jewellery
 c - a ring of wizardry (left hand)
 m - a +4 ring of slaying (right hand)
 q - a ring of see invisible
Scrolls
 a - 2 scrolls of enchant armour {unknown}
 g - a scroll of identify {unknown}
 h - a scroll of blinking {unknown}
 j - 4 scrolls of teleportation {unknown}
 n - a scroll of silence {unknown}
 p - 3 scrolls of magic mapping {unknown}
 r - a scroll of brand weapon {unknown}
Potions
 b - 2 potions of heal wounds {unknown}
 d - 2 potions of might {unknown}
 f - a potion of resistance {unknown}
 i - 3 potions of haste {unknown}
 k - a potion of attraction {unknown}
 l - a potion of mutation {unknown}
 o - a potion of flight {unknown}
 t - a potion of invisibility {unknown}
 u - a potion of degeneration {unknown}
 v - a potion of curing


   Skills:
 + Level 10.5 Fighting
 - Level 1.7 Dodging
 + Level 10.1 Unarmed Combat
 - Level 2.0 Spellcasting
 - Level 2.0 Transmutations


You had 4 spell levels left.
You knew the following spells:

 Your Spells              Type           Power      Damage    Failure   Level
a - Beastly Appendage     Tmut           16%        N/A       3%          1
b - Wereblood             Tmut           8%         N/A       6%          2
c - Spider Form           Tmut/Pois      2%         N/A       16%         3
d - Passwall              Tmut/Erth      3%         N/A       9%          2

Your spell library contained the following spells:

 Spells                   Type           Power      Damage    Failure   Level
 Sandblast                Erth           2%         2d4       9%          1
 Confusing Touch          Hex            1%         N/A       24%         3
 Gell's Gravitas          Tloc           0%         N/A       24%         3
 Stone Arrow              Conj/Erth      2%         3d7       24%         3
 Ice Form                 Ice/Tmut       4%         N/A       45%         4
 Petrify                  Tmut/Erth      4%         N/A       45%         4
 Hydra Form               Tmut           4%         N/A       65%         5
 Yara's Violent Unravell  Hex/Tmut       2%         3d3       80%         5
 Lee's Rapid Deconstruct  Erth           0%         3d5*      89%         5
 Metabolic Englaciation   Hex/Ice        0%         N/A       89%         5


Dungeon Overview and Level Annotations

Branches:
Dungeon (8/15)             Temple (1/1) D:4
   Lair: D:8-11

Altars:
Ashenzari
Cheibriados
Dithmenos
Elyvilon
Fedhas
Gozag
Hepliaklqana
Kikubaaqudgha
Makhleb
Nemelex Xobeh
Okawaru
Qazlal
Ru
Sif Muna
Trog
Uskayaw
Vehumet
Wu Jian
Xom
Zin
The Shining One
Lugonu


Innate Abilities, Weirdness & Mutations

You can breathe blasts of noxious fumes.
Your lurid green scales are hard. (AC +7)
You cannot fit into any form of body armour.
Your system is resistant to poisons. (rPois)
You are cold-blooded and may be slowed by cold attacks.


Message History

You barely miss the centaur.
The centaur is severely wounded.
The centaur hits you but does no damage.
The centaur kicks you but does no damage.
The bullfrog misses you. The gnoll completely misses you.
You completely miss the centaur.
Your tail-slap misses the centaur.
You punch the centaur.
The centaur is severely wounded.
The centaur hits you but does no damage.
The centaur barely misses you. The bullfrog hits you. The wyvern misses you.
The necrophage hits you but does no damage.
The centaur barely misses you. The centaur kicks you.
The gnoll barely misses you.
You punch the centaur!
You kill the centaur!
Lugonu accepts your kill. The bullfrog hits you. The wyvern bites you.
* * * LOW HITPOINT WARNING * * *
The necrophage barely misses you. The bullfrog barely misses you.
The wyvern completely misses you.
The gnoll hits you from afar with a +0 spear.
* * * LOW HITPOINT WARNING * * *
The necrophage hits you.
* * * LOW HITPOINT WARNING * * *
The wyvern barely misses you. The bullfrog barely misses you.
Items here: )) [[ †.
The necrophage barely misses you. The wyvern barely misses you.
Things that are here:
a +0 scimitar; a +0 plate armour; a howler monkey corpse The wyvern bites you.
* * * LOW HITPOINT WARNING * * *
The wyvern bites you but does no damage.
The wyvern bites you.
* * * LOW HITPOINT WARNING * * *
The gnoll hits you from afar with a +0 spear.
* * * LOW HITPOINT WARNING * * *
There is a stone staircase leading up here.
The wyvern bites you!
You die...

........$....##
#.......))##.#
#............# #
..........#### .#
##.......######.##
.!..............#
.$######gF......#
. #.ln.....#
#..@.....#
#........#
#........#
#........#
##########


You could see a wyvern, a necrophage, a bullfrog and a gnoll.

Vanquished Creatures
  Grinder (D:5)
  2 steam dragons (D:7)
  Edmund (D:5)
  2 water moccasins (D:5)
  An orc warrior (D:8)
  A sky beast (D:7)
  2 ice beasts
  A black bear (D:5)
  A necrophage (D:5)
  An ogre (D:4)
  A centaur (D:8)
  3 phantoms
  2 gnoll sergeants
  4 scorpions
  A bullfrog (D:7)
  A wyvern skeleton (D:6)
  A water moccasin skeleton (D:3)
  3 killer bees (D:7)
  2 howler monkeys
  A hound (D:7)
  2 jellies
  Crazy Yiuf (D:5)
  2 orc priests (D:3)
  2 gnoll shamans
  A bullfrog skeleton (D:7)
  A centaur skeleton (D:7)
  3 orc wizards
  A killer bee zombie (D:7)
  A hound zombie (D:5)
  A howler monkey zombie (D:6)
  21 gnolls
  8 adders
  A shadow imp (D:6)
  An adder skeleton (D:2)
  An adder zombie (D:2)
  A worm (D:2)
  4 dart slugs
  17 orcs
  4 bats
  A bat zombie (D:2)
  5 endoplasms
  A giant cockroach (D:2)
  12 goblins
  4 hobgoblins
  4 jackals (D:5)
  10 kobolds
  5 quokkas
  6 ball pythons
  2 frilled lizards
  A jackal zombie (D:2)
  15 rats
171 creatures vanquished.

Vanquished Creatures (others)
  10 plants (D:7)
  A withered plant (D:2)
11 creatures vanquished.

Grand Total: 182 creatures vanquished

Notes
Turn   | Place    | Note
-------+----------+-------------------------------------------
     0 | D:1      | polve the Draconian Transmuter began the quest for the Orb.
     0 | D:1      | Reached XP level 1. HP: 16/16 MP: 3/3
   125 | D:1      | Found a faded altar of an unknown god.
   179 | D:1      | Became a worshipper of Lugonu the Unformed
   179 | D:1      | Reached * piety under Lugonu
   179 | D:1      | Reached ** piety under Lugonu
   313 | D:1      | Reached XP level 2. HP: 15/24 MP: 3/5
   943 | D:1      | You fall into a shaft and drop 1 floor!
  1121 | D:1      | Reached XP level 3. HP: 30/30 MP: 6/6
  2599 | D:2      | Reached XP level 4. HP: 38/38 MP: 7/7
  3056 | D:2      | Reached *** piety under Lugonu
  4212 | D:3      | Reached XP level 5. HP: 42/46 MP: 6/8
  4449 | D:3      | Reached skill level 5 in Unarmed Combat
  4933 | D:3      | Reached XP level 6. HP: 32/53 MP: 7/9
  5926 | D:4      | Reached skill level 5 in Fighting
  6344 | D:3      | HP: 2/56 [poisoned by a scorpion]
  7277 | D:4      | Your scales start taking on a lurid green colour.
  7277 | D:4      | Reached XP level 7. HP: 46/62 MP: 7/10
  7277 | D:4      | Gained mutation: Your system is resistant to poisons.
                  | (rPois) [Green Draconian growth]
  7296 | D:4      | Found a staircase to the Ecumenical Temple.
  7518 | Temple   | Entered the Ecumenical Temple
  7807 | D:5      | Entered Level 5 of the Dungeon
  7985 | D:5      | Learned a level 2 spell: Wereblood
  7988 | D:5      | Learned a level 2 spell: Passwall
  7992 | D:5      | Learned a level 3 spell: Spider Form
  8051 | D:5      | Reached **** piety under Lugonu
  8210 | D:5      | Noticed Grinder
  8217 | D:5      | Paralysed by Grinder for 2 turns
  8220 | D:5      | Killed Grinder
  8221 | D:5      | Reached XP level 8. HP: 53/73 MP: 11/11
  8587 | D:5      | Noticed Edmund
  8589 | D:5      | Identified the +6 mace of Tender Mercy {drain, Int+4}
  8600 | D:5      | Killed Edmund
  9128 | D:5      | Found a runed translucent door.
  9129 | D:5      | Noticed Crazy Yiuf
  9138 | D:5      | Killed Crazy Yiuf
 10224 | D:6      | Reached XP level 9. HP: 75/83 MP: 12/12
 11179 | D:7      | Reached skill level 10 in Fighting
 11406 | D:7      | Identified the +8 flail "Abbol" {elec, Fly rElec rC+ Will+}
 11740 | D:7      | Identified the +0 ring mail "Vastaf" {Will- rCorr Str+3
                  | Dex+5}
 11849 | D:8      | Reached skill level 10 in Unarmed Combat
 11876 | D:8      | Mangled by a wyvern

Illustrated notes

Levels and vault maps discovered:
D:1:      wander_arrival_lonely_grave, layout_loops_corners,
          ebering_ecumenical_altar_hall
D:2:      layout_basic, serial_undead, serial_undead_d, serial_undead_d,
          serial_undead_f, serial_undead_d
D:3:      layout_basic, corexii_hall_statues_i
D:4:      layout_basic, minmay_temple_entry_arrows
D:5:      layout_basic, serial_bayou_crossing, uniq_crazy_yiuf_cottage,
          uniq_grinder, uniq_edmund
D:6:      layout_cave_pods
D:7:      layout_loops_ring, serial_bayou_pond_a
D:8:      layout_rooms
Temple:   nicolae_temple_the_god_donut

Skill      XL: |  1  2  3  4  5  6  7  8  9 |
---------------+----------------------------+-----
Fighting       | 2 3 4 5 7 9 10 | 10.5
Unarmed Combat | 4 5 6 7 8 10 | 10.1
Dodging        | |  1.7
Spellcasting   | |  2.0
Transmutations | |  2.0

Action                   |  1- 3 |  4- 6 |  7- 9 || total
-------------------------+-------+-------+-------++-------
Melee: Unarmed           |   159 |   258 |   238 ||   655
       Headbutt          |     6 |    17 |     4 ||    27
       Tailslap          |    18 |    29 |    19 ||    66
       Punch             |     5 |     3 |     6 ||    14
       Kick              |     5 |    22 |    12 ||    39
 Cast: Beastly Appendage |    16 |    21 |     9 ||    46
 Abil: Breathe Noxious F |       |       |    21 ||    21
  Use: Potion            |     1 |       |       ||     1
 Stab: Sleeping          |     1 |     1 |     1 ||     3
       Confused          |       |       |     6 ||     6
Armor: Skin              |    46 |    57 |    68 ||   171
Dodge: Dodged            |   103 |   145 |   142 ||   390

Table legend: (Time is in decaauts)
 A = Elapsed time spent in this place.
 B = Non-inter-level travel time spent in this place.
 C = Inter-level travel time spent in this place.
 D = Time resting spent in this place.
 E = Time spent auto-exploring this place.
 F = Levels seen in this place.
 G = Mean time per level.
                   A        B        C        D        E       F      G
               +--------+--------+--------+--------+--------+-----+--------+
         Total |  11820 |  11251 |    569 |    301 |   9386 |   9 | 1313.3 |
       Dungeon |  11547 |  10995 |    552 |    301 |   9130 |   8 | 1443.4 |
        Temple |    273 |    257 |     16 |      0 |    256 |   1 |  273.0 |
               +--------+--------+--------+--------+--------+-----+--------+

Top non-repeatable levels by time:
     D:1: 2094 daAuts
     D:2: 1978 daAuts
     D:3: 1867 daAuts
     D:5: 1580 daAuts
     D:4: 1563 daAuts
     D:7: 1326 daAuts
     D:6: 1091 daAuts
  Temple: 273 daAuts
     D:8: 44 daAuts
